 Dungeon Crawl Stone Soup version 0.26-a0-642-g67e99244d3 (webtiles) character file.

Game seed: 5055528906228731352

23722 Gunterle the Cleaver (level 13, -6/84 (85) HPs)
             Began as a Halfling Warper on Sept 23, 2020.
             Was a High Priest of the Shining One.
             Killed from afar by a death drake (10 damage)
             ... with a foul vapour
             ... in a Gauntlet.
             The game lasted 01:46:06 (24193 turns).

Gunterle the Cleaver (Halfling Warper)             Turns: 24193, Time: 01:46:06

HP:   -6/84 (85)    AC: 16    Str: 12    XL:     13   Next: 37%
MP:   8/12          EV: 19    Int: 18    God:    the Shining One [*****.]
Gold: 78            SH:  8    Dex: 15    Spells: 5/23 levels left

rFire    x . .     SeeInvis .   Q - +1 hand axe (flame)
rCold    + + +     Faith    .   O - +2 buckler {AC+3}
rNeg     + + +     Spirit   .   M - +2 leather armour {rPois}
rPois    +         Reflect  .   x - +0 helmet {Int+3}
rElec    .         Harm     .   (no cloak)
rCorr    .         Rampage  .   V - +2 pair of gloves
MR       +....     NoTele   +   v - +2 pair of boots of Divine Intervention {rF- rC+++ MP-9 Slay+3}
Stlth    +.........             i - amulet of the acrobat
HPRegen  0.00/turn              E - ring of protection from magic
MPRegen  0.13/turn              g - ring of positive energy

@: lethally poisoned (-6 -> -20), flying, non-regenerating, badly diseased,
hasted and slowed, glowing
A: small, mutation resistance 1
a: Divine Shield, Cleansing Flame, Summon Divine Warrior, Renounce Religion


You were in a Gauntlet.
You worshipped the Shining One.
The Shining One was extremely pleased with you.
You visited 4 branches of the dungeon, and saw 16 of its levels.
You also visited: Gauntlet.

You collected 1528 gold pieces.
You spent 1450 gold pieces at shops.

Inventory:

Hand Weapons
 a - a +2 hand axe of electrocution
 w - a +3 trident of venom
 A - a +0 war axe
 Q - a +1 hand axe of flaming (weapon)
Missiles
 c - 5 silver boomerangs
 e - 209 sling bullets
 r - 302 stones
 y - 25 poisoned darts (quivered)
 z - 39 boomerangs
Armour
 f - the +1 scale mail of the Worm {rF+ rCorr Int-4 SInv}
   (You found it on level 10 of the Dungeon)

   It affects your intelligence (-4).
   It protects you from fire.
   It lets you see invisible.
   It provides partial protection from all sources of acid and corrosion.
 j - a +0 hat of intelligence
 m - the +0 robe "Illubore" {Regen+}
   (You found it on level 1 of the Lair of Beasts)

   It increases your rate of regeneration.
 q - the +0 ring mail of Amorality {rElec Regen+}
   (You bought it in a shop on level 1 of the Orcish Mines)

   It insulates you from electricity.
   It increases your rate of regeneration.
 v - the +2 pair of boots of Divine Intervention (worn) {rF- rC+++ MP-9 Slay+3}
   (You bought it in a shop on level 1 of the Orcish Mines)

   It affects your accuracy and damage with ranged weapons and melee attacks
   (+3).
   It makes you vulnerable to fire.
   It renders you almost immune to cold.
   It affects your magic capacity (-9).
 x - a +0 helmet of intelligence (worn)
 K - a +0 pair of boots
 M - a +2 leather armour of poison resistance (worn)
 O - a +2 buckler of protection (worn)
 V - a +2 pair of gloves (worn)
Jewellery
 b - an uncursed ring of protection from cold
 g - a ring of positive energy (right hand)
 h - an uncursed ring of protection from magic
 i - an amulet of the acrobat (around neck)
 k - an uncursed ring of positive energy
 B - the ring "Deucur" {rN++ EV+4, unknown}
   (You found it in a Gauntlet)

   [ring of evasion]

   It affects your evasion (+4).
   It greatly protects you from negative energy.
 E - a ring of protection from magic (left hand)
 J - an uncursed ring of protection from fire
Wands
 u - a wand of flame (14)
 Z - a wand of digging (4)
Scrolls
 l - a scroll of immolation
 s - 6 scrolls of remove curse
 C - a scroll of teleportation
 U - a scroll of acquirement {unknown}
 X - a scroll of enchant armour
Potions
 n - 4 potions of curing
 o - 4 potions of ambrosia
 p - a potion of flight
 G - 2 potions of lignification
 W - a potion of resistance {unknown}
 Y - 2 potions of brilliance {unknown}
Miscellaneous
 t - a phial of floods
 R - a phial of floods
 T - a tin of tremorstones (2/3)


   Skills:
 + Level 6.7 Fighting
 * Level 10.4 Axes
 + Level 4.9 Throwing
 + Level 6.1 Armour
 + Level 8.0 Dodging
 - Level 5.6 Shields
 + Level 5.5 Spellcasting
 + Level 0.2 Hexes
 + Level 9.7 Translocations
 + Level 7.1 Invocations
 - Level 5.0 Evocations


You had 5 spell levels left.
You knew the following spells:

 Your Spells              Type           Power        Failure   Level
a - Blink                 Tloc           N/A          1%          2
b - Teleport Other        Tloc           #####...     1%          3
c - Gell's Gravitas       Tloc           #####.....   1%          3
d - Passage of Golubria   Tloc           N/A          2%          4
e - Lesser Beckoning      Tloc           #####.....   1%          3
f - Portal Projectile     Hex/Tloc       ###...       6%          3

Your spell library contained the following spells:

 Spells                   Type           Power        Failure   Level
 Cause Fear               Hex            #.........   80%         4
 Leda's Liquefaction      Hex/Erth       #.........   82%         4
 Silence                  Hex/Air        #.........   99%         5
 Yara's Violent Unravell  Hex/Tmut       #.........   99%         5
 Discord                  Hex            #.........   100%        8


Dungeon Overview and Level Annotations

Branches:
Dungeon (12/15)            Temple (1/1) D:6            Lair (1/6) D:10
    Orc (2/2) D:10            Elf (0/3) Orc:2       Gauntlet (1/1)

Altars:
Ashenzari
Cheibriados
Dithmenos
Elyvilon
Fedhas
Gozag
Hepliaklqana
Kikubaaqudgha
Makhleb
Nemelex Xobeh
Okawaru
Qazlal
Ru
Sif Muna
Trog
Uskayaw
Vehumet
Wu Jian
Xom
Yredelemnul
Zin
The Shining One
Beogh

Shops:
D:10 }   Orc:1 :[   Orc:2 [[((

Annotations:
D:9 1 runed translucent door Gauntlet 8 transporters, exclusion: 2 ice statues


Innate Abilities, Weirdness & Mutations

You are small and have problems with some larger weapons.
You are somewhat resistant to further mutation.


Message History

The death drake is heavily wounded.
You are engulfed in dark miasma.
You are lethally poisoned!
You feel your flesh rotting away!
* * * LOW HITPOINT WARNING * * *
x2 You feel sick.
You block the death drake's attack.
You feel better.
You are engulfed in dark miasma.
* * * LOW HITPOINT WARNING * * *
The death drake misses you.
You slash the death drake! You burn the death drake.
The death drake is heavily wounded.
You are engulfed in dark miasma.
You feel your flesh rotting away!
You feel ill.
You feel as though you will be slow longer.
* * * LOW HITPOINT WARNING * * *
The death drake breathes miasma at you. The foul vapour engulfs you!
You are lethally poisoned!
You die...

≈...?#..#.○.##.#
######§§#...##...#
.......≈#.©.##.#.#
......§∩#.kZ...#.+
.......≈#.©.##.#.#
######..#...##.°°#
...kk#..#...##.#°#
.....#..#.8.Zk.#°#
..#P.#..#...##°#@#
.PP..#..#.8.##°k°#
©..8©#..#§§.######
.P..|#..#§8≈#
.P#.(#..#####
..P..#..###
.....#..#8#
######..###
©.#.....#


You could see a death drake (catching breath).

Vanquished Creatures
  Gastronok (D:12)
  Josephine (D:10)
  Harold (D:10)
  Erolcha (D:10)
  A two-headed ogre (D:4)
  An orc high priest (Orc:2)
  2 unseen horrors
  2 orc knights
  An ugly thing (D:11)
  4 orc sorcerers (Orc:1)
  2 manticores (D:12)
  A centaur zombie (D:12)
  A gargoyle (D:12)
  3 komodo dragons
  5 trolls
  Prince Ribbit (D:6)
  A hornet (D:10)
  A hippogriff (shapeshifter) (D:11)
  2 hippogriffs
  4 yaks
  8 wraiths
  A wyvern (D:10)
  3 water moccasins
  A sky beast (D:8)
  12 ogres
  31 orc warriors
  A necrophage (D:10)
  An ice beast (D:7)
  A phantom (D:7)
  A centaur (D:10)
  A gnoll sergeant (Orc:2)
  6 bullfrogs
  A wyvern skeleton (D:10)
  A water moccasin skeleton (D:7)
  13 killer bees
  3 scorpions
  8 wights
  A howler monkey (D:6)
  3 bullfrog zombies
  7 hounds
  3 jellies
  2 bullfrog skeletons
  15 orc priests
  2 centaur skeletons
  31 orc wizards
  5 iguanas
  10 worker ants
  A hound skeleton (D:10)
  A worker ant zombie (D:8)
  13 adders
  14 gnolls
  A howler monkey skeleton (D:6)
  2 shadow imps
  3 white imps
  An ufetubus (D:8)
  An ooze (D:4)
  An adder zombie (D:7)
  2 adder skeletons
  2 worms
  3 dart slugs
  8 leopard geckos
  112 orcs
  3 giant cockroaches
  2 goblins
  9 hobgoblins
  11 jackals
  2 quokkas
  A ball python (D:4)
  3 bats (D:1)
  9 frilled lizards
  A giant cockroach zombie (D:5)
  A jackal skeleton (D:6)
  8 kobolds
  A quokka zombie (D:5)
  5 rats
429 creatures vanquished.

Vanquished Creatures (others)
  A leopard gecko (D:2)
  39 plants
40 creatures vanquished.

Grand Total: 469 creatures vanquished

Notes
Turn   | Place    | Note
-------+----------+-------------------------------------------
     0 | D:1      | Gunterle the Halfling Warper began the quest for the Orb.
     0 | D:1      | Reached XP level 1. HP: 14/14 MP: 3/3
   136 | D:1      | Reached XP level 2. HP: 11/19 MP: 4/4
   140 | D:1      | Learned a level 2 spell: Blink
   762 | D:2      | Found a sacrificial altar of Ru.
   770 | D:2      | Reached XP level 3. HP: 24/24 MP: 5/5
  1519 | D:2      | Reached XP level 4. HP: 25/29 MP: 6/6
  1798 | D:2      | Reached skill level 3 in Axes
  2076 | D:2      | Learned a level 3 spell: Teleport Other
  2191 | D:2      | Found a stormy altar of Qazlal.
  2334 | D:2      | Reached XP level 5. HP: 34/34 MP: 7/7
  3259 | D:3      | You fall into a shaft and drop 3 floors!
  3426 | D:6      | Noticed a bullfrog
  3634 | D:6      | Noticed Prince Ribbit
  3673 | D:5      | Entered Level 5 of the Dungeon
  3873 | D:5      | Noticed a two-headed ogre
  3924 | D:6      | Reached XP level 6. HP: 29/41 MP: 8/8
  4307 | D:4      | Found a glowing golden altar of the Shining One.
  4333 | D:4      | Became a worshipper of the Shining One
  4483 | D:3      | Learned a level 3 spell: Gell's Gravitas
  5721 | D:4      | Reached skill level 4 in Axes
  5721 | D:4      | Reached XP level 7. HP: 39/45 MP: 8/10
  5796 | D:4      | Reached skill level 1 in Invocations
  5964 | D:4      | Found a bloodstained altar of Trog.
  6267 | D:4      | Reached skill level 5 in Translocations
  6482 | D:4      | Reached XP level 8. HP: 11/52 MP: 8/11
  7041 | D:4      | Killed a two-headed ogre
  7041 | D:4      | Reached skill level 5 in Axes
  7041 | D:4      | Reached XP level 9. HP: 42/57 MP: 1/13
  7356 | D:5      | Got a warped ring mail
  7719 | D:5      | Identified the cursed +0 ring mail of Wits {rC+} (You found
                  | it on level 5 of the Dungeon)
  7757 | D:6      | Found a radiant altar of Vehumet.
  7821 | D:6      | Killed Prince Ribbit
  7952 | D:6      | Found a staircase to the Ecumenical Temple.
  8023 | Temple   | Entered the Ecumenical Temple
  8378 | D:6      | Reached * piety under the Shining One
  8633 | D:7      | Reached skill level 6 in Axes
  9472 | D:7      | Reached ** piety under the Shining One
  9556 | D:7      | Reached skill level 5 in Dodging
  9657 | D:7      | Reached XP level 10. HP: 60/63 MP: 15/15
 10544 | D:8      | Learned a level 4 spell: Passage of Golubria
 10748 | D:8      | Found a shadowy altar of Dithmenos.
 11816 | D:8      | Found a snail-covered altar of Cheibriados.
 11989 | D:9      | Reached skill level 5 in Armour
 12134 | D:9      | Reached skill level 7 in Axes
 12143 | D:9      | Noticed a centaur warrior
 12143 | D:9      | Found a runed translucent door.
 12446 | D:9      | Learned a level 3 spell: Lesser Beckoning
 12562 | D:9      | You fall into a shaft and drop 3 floors!
 12628 | D:11     | Noticed a gargoyle
 12827 | D:11     | Reached *** piety under the Shining One
 12964 | D:11     | Noticed a purple ugly thing
 13038 | D:10     | Entered Level 10 of the Dungeon
 13131 | D:9      | Reached skill level 1 in Evocations
 13940 | D:10     | Got a scorched scale mail
 13951 | D:10     | Identified the +1 scale mail of the Worm {rF+ rCorr Int-4
                  | SInv} (You found it on level 10 of the Dungeon)
 14060 | D:10     | Noticed an unseen horror
 14070 | D:10     | Killed an unseen horror
 14070 | D:10     | Reached skill level 1 in Shields
 14070 | D:10     | Reached XP level 11. HP: 66/70 MP: 17/17
 14087 | D:10     | Reached skill level 5 in Fighting
 14549 | D:10     | Reached skill level 5 in Invocations
 14646 | D:10     | Found a staircase to the Lair.
 14859 | D:10     | Noticed Erolcha
 14939 | D:10     | Found Utwupo's Gadget Shop.
 14939 | D:10     | Noticed Harold
 14958 | D:10     | Killed Harold
 14958 | D:10     | Reached skill level 8 in Axes
 15377 | D:10     | Found a staircase to the Orcish Mines.
 15735 | D:10     | Found a roughly hewn altar of Beogh.
 15753 | D:10     | Reached **** piety under the Shining One
 16320 | D:11     | Noticed Josephine
 16339 | D:10     | Killed Josephine
 16891 | D:11     | Killed a purple ugly thing
 17033 | D:11     | Reached XP level 12. HP: 77/77 MP: 18/18
 17110 | D:11     | Noticed an unseen horror
 17127 | D:11     | Killed an unseen horror
 18099 | D:12     | Reached skill level 5 in Shields
 18465 | D:10     | Killed Erolcha
 18465 | D:10     | Reached skill level 9 in Axes
 18647 | D:12     | Noticed Gastronok
 18688 | D:12     | Killed Gastronok
 19100 | D:12     | Reached skill level 5 in Spellcasting
 19709 | Orc:1    | Entered Level 1 of the Orcish Mines
 20061 | Orc:1    | Noticed a sixfirhy
 20440 | Orc:1    | Found Ukhergha's Book Emporium.
 20539 | Orc:1    | Found Faghe's Antique Armour Shoppe.
 20758 | Orc:1    | Bought a scorched ring mail for 252 gold pieces
 20758 | Orc:1    | Bought a pair of distressingly furry boots for 266 gold
                  | pieces
 20768 | Orc:1    | Identified the +2 pair of boots of Divine Intervention {rF-
                  | rC+++ MP-9 Slay+3} (You bought it in a shop on level 1 of
                  | the Orcish Mines)
 20788 | Orc:1    | Identified the +0 ring mail of Amorality {rElec Regen+}
                  | (You bought it in a shop on level 1 of the Orcish Mines)
 20832 | Orc:2    | Entered Level 2 of the Orcish Mines
 20906 | Orc:2    | Found a roughly hewn altar of Beogh.
 21129 | Orc:2    | Found a roughly hewn altar of Beogh.
 21212 | Orc:2    | Found a roughly hewn altar of Beogh.
 21235 | Orc:2    | Reached XP level 13. HP: 61/84 MP: 20/20
 21355 | Orc:2    | Found a roughly hewn altar of Beogh.
 21503 | Orc:2    | Reached skill level 10 in Axes
 21661 | Orc:2    | Reached ***** piety under the Shining One
 21662 | Orc:2    | Found a staircase to the Elven Halls.
 21671 | Orc:2    | HP: 4/84 [orc warrior/+0 glaive (14)]
 22085 | Orc:2    | Found a roughly hewn altar of Beogh.
 22137 | Orc:2    | Found a roughly hewn altar of Beogh.
 22575 | Orc:2    | Found Jeptoum's Weapon Shoppe.
 22684 | Orc:2    | Found a roughly hewn altar of Beogh.
 22716 | Orc:2    | Found Wirum's Antique Armour Shoppe.
 22871 | Orc:2    | Noticed an orc warlord
 23323 | Orc:2    | Reached skill level 5 in Evocations
 23460 | Orc:2    | Found Birpho Gail's Antique Armour Emporium.
 23463 | Orc:2    | Found a roughly hewn altar of Beogh.
 23476 | Orc:2    | Found Abyunes's Antique Weapon Shoppe.
 23549 | Orc:1    | Bought the Collected Works on Malediction for 932 gold
                  | pieces
 23555 | Orc:1    | Learned a level 3 spell: Portal Projectile
 23668 | Lair:1   | Entered Level 1 of the Lair of Beasts
 23760 | Lair:1   | Found a gate leading to a gauntlet.
 23768 | Lair:1   | Got an ichor-stained robe
 23772 | Gauntlet | Entered a Gauntlet
 23772 | Gauntlet | Found a transporter.
 23772 | Gauntlet | Found a transporter.
 23772 | Gauntlet | Found a transporter.
 23772 | Gauntlet | Noticed a blizzard demon
 23776 | Gauntlet | Found a transporter.
 23791 | Gauntlet | Found a transporter.
 23856 | Gauntlet | Found a transporter.
 23871 | Gauntlet | Found a transporter.
 23889 | Gauntlet | Found a transporter.
 23895 | Gauntlet | Found a transporter.
 23908 | Gauntlet | Found a transporter.
 23954 | Gauntlet | Found a transporter.
 23982 | Gauntlet | Found a transporter.
 24112 | Gauntlet | Identified the +0 robe "Illubore" {Regen+} (You found it on
                  | level 1 of the Lair of Beasts)
 24161 | Gauntlet | Got a flickering lapis lazuli ring
 24175 | Gauntlet | The Shining One protects you from harm!
 24178 | Gauntlet | HP: 4/84 [poisoned by a death drake (foul vapour)]
 24193 | Gauntlet | HP: 4/84 [death drake] (6)]
 24193 | Gauntlet | Killed from afar by a death drake

Illustrated notes

Levels and vault maps discovered:
D:1:      dpeg_arrival_chambers_temple_mockup, layout_rooms
D:2:      layout_basic, nicolae_ru_sacrificial_ziggurat, grunt_qazlal_clouds
D:3:      layout_loops_corners, minmay_crystal_water, item_on_display_a
D:4:      wad_river_or_something, layout_rooms, old_standard_altar,
          lemuel_round_altar
D:5:      layout_cave_pools
D:6:      layout_gridville, lemuel_doored_altar, minmay_temple_entry_slanted,
          uniq_prince_ribbit1
D:7:      layout_cave_pods, minivault_24
D:8:      layout_layer_cave, minitemple
D:9:      layout_loops_ring, amethyst_killhole, minmay_st_funbox
D:10:     layout_loops_ring, david_lair_shrubbed, minmay_orc_entry_temple_small,
          serial_co_window_serial, co_window_paths_a, co_window_paths_a,
          co_window_paths_b, co_window_paths_b, co_window_paths_a,
          co_window_paths_a, co_window_corner_a, co_window_2corner,
          co_window_broadway_a, co_window_of_opportunity_c, co_window_cross_2,
          co_window_of_opportunity_c, co_window_of_opportunity_c,
          co_window_corner_b, glass_columns_a, glass_columns_a, glass_columns_a,
          serial_shops, shop, uniq_harold, uniq_erolcha
D:11:     layout_roguey, uniq_josephine
D:12:     layout_loops_ring, serial_rivers, chequers_serial_rivers_micro_c,
          chequers_serial_rivers_micro_a, chequers_serial_rivers_micro_e,
          chequers_serial_rivers_small_a, uniq_gastronok
Temple:   eino_temple_scatter_basement
Lair:1:   layout_cave_pods, gauntlet_entry_generic, grunt_megastairs_4,
          uniq_maggie
Orc:1:    layout_diamond_mine, serial_shops, nicolae_shop_waterfront,
          shop_statue
Orc:2:    grunt_orc_community_town_hall, layout_caves,
          grunt_orc_community_big_house_2, grunt_orc_community_big_house_1,
          grunt_orc_community_house_2, grunt_orc_community_house_2,
          grunt_orc_community_house_2, grunt_orc_community_house_3,
          grunt_orc_community_house_3, grunt_orc_community_house_3
Gauntlet: gammafunk_gauntlet_shortcut [gammafunk_gauntlet_arena_open,
          nicolae_gauntlet_arena_flowing_pool,
          gammafunk_gauntlet_arena_split_diamond, nicolae_gauntlet_arena_blocks,
          gammafunk_gauntlet_arena_teeth, gammafunk_gauntlet_arena_hedges,
          gauntlet_exit_hidden_loot]

Skill      XL: |  1  2  3  4  5  6  7  8  9 10 11 12 13 |
---------------+----------------------------------------+-----
Fighting       | 2 3 4 5 6 |  6.7
Armour         | 2 3 4 5 6 |  6.1
Axes           | 3 4 5 6 7 8 9 10 | 10.4
Dodging        | 3 4 5 6 7 8 |  8.0
Translocations | 4 5 6 7 8 9 |  9.7
Spellcasting   | 2 3 4 5 |  5.5
Invocations    | 1 2 3 4 5 6 7 |  7.1
Throwing       | 2 3 4 |  4.9
Evocations     | 1 3 4 5 |  5.0
Shields        | 1 4 5 |  5.6
Hexes          | |  0.2

Action                   |  1- 3 |  4- 6 |  7- 9 | 10-12 | 13-15 || total
-------------------------+-------+-------+-------+-------+-------++-------
Melee: Hand axe          |    74 |   262 |   226 |   672 |   278 ||  1512
Throw: Boomerang         |     1 |     4 |     3 |    34 |       ||    42
       Stone             |       |    13 |       |       |       ||    13
       Dart              |       |    13 |   101 |   122 |    33 ||   269
       Throwing net      |       |       |       |     7 |       ||     7
 Cast: Blink             |       |       |    12 |    11 |       ||    23
       Teleport Other    |       |       |       |     5 |     2 ||     7
       Passage of Golubr |       |       |       |     2 |     1 ||     3
Invok: Divine Shield     |       |       |       |       |     1 ||     1
       Cleansing Flame   |       |       |       |       |     1 ||     1
Evoke: Wand              |       |     1 |     5 |    38 |    15 ||    59
       Phial of floods   |       |       |       |     1 |       ||     1
       Tin of tremorston |       |       |       |       |     1 ||     1
  Use: Scroll            |     1 |     5 |     7 |    11 |     7 ||    31
       Potion            |       |       |       |     8 |     6 ||    14
 Stab: Sleeping          |       |     1 |       |       |       ||     1
Armor: Leather armour    |     7 |    26 |    23 |    61 |    31 ||   148
Dodge: Dodged            |    59 |   191 |   162 |   439 |   176 ||  1027
Block: Buckler           |       |       |       |    81 |   122 ||   203

Table legend: (Time is in decaauts)
 A = Elapsed time spent in this place.
 B = Non-inter-level travel time spent in this place.
 C = Inter-level travel time spent in this place.
 D = Time resting spent in this place.
 E = Time spent auto-exploring this place.
 F = Levels seen in this place.
 G = Mean time per level.
                   A        B        C        D        E       F      G
               +--------+--------+--------+--------+--------+-----+--------+
         Total |  24141 |  22984 |   1157 |   8056 |   8816 |  17 | 1420.1 |
       Dungeon |  19700 |  18836 |    864 |   6541 |   8110 |  12 | 1641.7 |
        Temple |    173 |    155 |     18 |      0 |    154 |   1 |  173.0 |
          Lair |     96 |     96 |      0 |      0 |      0 |   1 |   96.0 |
  Orcish Mines |   3743 |   3468 |    275 |   1514 |    552 |   2 | 1871.5 |
      Gauntlet |    428 |    428 |      0 |      0 |      0 |   1 |  428.0 |
               +--------+--------+--------+--------+--------+-----+--------+

Top non-repeatable levels by time:
    D:10: 2988 daAuts
     D:8: 2180 daAuts
     D:3: 2138 daAuts
   Orc:1: 1899 daAuts
   Orc:2: 1844 daAuts
    D:12: 1809 daAuts
     D:2: 1766 daAuts
     D:9: 1432 daAuts
     D:7: 1428 daAuts
    D:11: 1378 daAuts
     D:4: 1357 daAuts
     D:6: 1338 daAuts
     D:5: 981 daAuts
     D:1: 899 daAuts
Gauntlet: 428 daAuts
